 Dungeon Crawl Stone Soup version 0.30.0-30-g96aa6591b8 (webtiles) character file.

Game seed: 4629325501843808976

98 Ayven the Trooper (level 4, 0/41 HPs)
             Began as a Hill Orc Fighter on June 27, 2023.
             Was an Initiate of Ashenzari.
             Slain by a gnoll
             ... wielding a +0 whip of freezing
              (6 damage)
             ... on level 4 of the Dungeon.
             The game lasted 00:09:47 (3045 turns).

Ayven the Trooper (Hill Orc Fighter)                Turns: 3045, Time: 00:09:48

Health: 0/41       AC:  8    Str: 20    XL:     4   Next: 71%
Magic:  0/4        EV:  9    Int:  8    God:    Ashenzari [......]
Gold:   216        SH:  0    Dex: 10    Spells: 3/3 levels left

rFire   . . .        f - +0 long sword (holy)
rCold   . . .        e - orb {mayhem}
rNeg    . . .        b - +1 scale mail
rPois   .            (no helmet)
rElec   .            (no cloak)
rCorr   .            (no gloves)
SInv    .            (no boots)
Will    .....        j - amulet of guardian spirit Stlth
                     (no ring)
HPRegen 0.26/turn    (no ring)
MPRegen 0.09/turn

%: mayhem, guardian spirit
@: no status effects
A: no striking features
a: Renounce Religion


You were on level 4 of the Dungeon.
You worshipped Ashenzari.
Ashenzari was noncommittal.
You visited 1 branch of the dungeon, and saw 4 of its levels.

You collected 216 gold pieces.

Inventory:

Hand Weapons
 a - a +0 war axe
 f - a +0 long sword of holy wrath (weapon)
Armour
 b - a +1 scale mail (worn)
 c - a +0 buckler
 e - an orb of mayhem (worn)
 o - an orb of energy
Jewellery
 j - an amulet of guardian spirit (around neck)
Scrolls
 h - 2 scrolls of amnesia
 k - a scroll of fog {unknown}
 l - a scroll of blinking
 m - a scroll of identify {unknown}
 p - a scroll of enchant weapon {unknown}
Potions
 d - 3 potions of might
 g - a potion of invisibility {unknown}
 i - 4 potions of curing


   Skills:
 + Level 4.4 Fighting
 + Level 2.3 Long Blades
 + Level 3.3 Axes
 + Level 3.9 Armour
 + Level 0.1 Dodging
 + Level 0.3 Stealth
 + Level 3.5 Shields


You had 3 spell levels left.
You didn't know any spells.
Your spell library contained the following spells:

 Spells                   Type           Power      Damage    Failure   Level
 Freeze                   Ice            0%         1d3       77%         1
 Sublimation of Blood     Necr           0%         N/A       88%         2
 Frozen Ramparts          Ice            0%         1d1       98%         3
 Hailstorm                Conj/Ice       0%         3d3       98%         3
 Petrify                  Tmut/Erth      0%         N/A       100%        4
 Irradiate                Conj/Tmut      0%         3d11      100%        5


Dungeon Overview and Level Annotations

Branches:
Dungeon (4/15)
 Temple: D:4-7

Altars:
Ashenzari

Shops:
D:1 [


Message History

The giant cockroach bites you but does no damage.
The gnoll hits you with a +0 whip.
You hit the giant cockroach.
You kill the giant cockroach!
The gnoll hits you but does no damage. The gnoll completely misses you.
The gnoll hits you with a +0 whip. The gnoll attacks as you move away!
The gnoll hits you but does no damage. The gnoll attacks as you move away!
The gnoll hits you but does no damage.
The air fills with toxic fumes!
As you read the scroll of poison, it crumbles to dust.
The gnoll completely misses you. The gnoll closely misses you.
The gnoll hits you but does no damage.
Unknown command.
You hit the gnoll.
The gnoll is heavily wounded.
The gnoll hits you but does no damage. The gnoll barely misses you.
The gnoll closely misses you. The gnoll hits you but does no damage.
The gnoll hits you with a +0 whip of freezing.
The gnoll freezes you. The gnoll hits you with a +0 whip.
You barely miss the gnoll.
The gnoll is heavily wounded.
The gnoll hits you with a +0 whip. The gnoll hits you but does no damage.
The gnoll closely misses you.
You hit the gnoll.
The gnoll is severely wounded.
The gnoll barely misses you. The gnoll hits you with a +0 whip.
The gnoll hits you but does no damage.
You hit the gnoll but do no damage.
The gnoll is severely wounded.
The gnoll hits you with a +0 whip of freezing.
The gnoll freezes you. The gnoll hits you but does no damage.
The gnoll hits you with a +0 whip. x2; The gnoll hits you but does no damage.
The gnoll hits you with a +0 whip.
* * * LOW HITPOINT WARNING * * *
You barely miss the gnoll.
The gnoll is severely wounded.
The gnoll hits you with a +0 whip.
* * * LOW HITPOINT WARNING * * *
The gnoll hits you with a +0 whip of freezing.
You die...

....#
§§§§.#
§§☼.. §§.
#
####§###○§
#☼☼§§§§§○#
#§☼§§§§§☼#
#ggg§§§§##
#☼@§§○§§#
#☼§○§☼§§#
∩
#§§☼§§○§#
#§§§§☼☼§#
#########


You could see 3 gnolls.

Vanquished Creatures
  2 adders (D:3)
  3 worms
  2 dart slugs
  2 orcs (D:3)
  3 bats
  5 endoplasms
  4 giant cockroaches
  5 goblins
  14 hobgoblins
  2 jackals (D:1)
  A kobold (D:3)
  2 quokkas (D:2)
  6 ball pythons
  2 frilled lizards (D:2)
  4 rats
57 creatures vanquished.

Vanquished Creatures (collateral kills)
  A jackal (D:2)
1 creature vanquished.

Vanquished Creatures (others)
  A goblin (D:2)
1 creature vanquished.

Grand Total: 59 creatures vanquished

Notes
Turn   | Place    | Note
-------+----------+-------------------------------------------
     0 | D:1      | Ayven the Hill Orc Fighter began the quest for the Orb.
     0 | D:1      | Reached XP level 1. HP: 19/19 MP: 1/1
     2 | D:1      | Noticed a meteoran
     2 | D:1      | Noticed an elf
     4 | D:1      | Noticed a troll
     6 | D:1      | Noticed a felid
     6 | D:1      | Noticed a formicid
     8 | D:1      | Noticed a vampire
     8 | D:1      | Noticed a tengu
    10 | D:1      | Noticed a naga
    10 | D:1      | Noticed a minotaur
    12 | D:1      | Noticed a gargoyle
    12 | D:1      | Noticed a draconian
    14 | D:1      | Noticed an octopode
    14 | D:1      | Noticed a human
    16 | D:1      | Noticed a vine stalker
    16 | D:1      | Noticed a demigod
    18 | D:1      | Noticed an armataur
    18 | D:1      | Noticed an ogre
    20 | D:1      | Noticed a ghoul
    20 | D:1      | Noticed a spriggan
    22 | D:1      | Noticed a merfolk
    24 | D:1      | Noticed a demonspawn
    26 | D:1      | Noticed a gargoyle
    26 | D:1      | Noticed a merfolk
   100 | D:1      | Reached XP level 2. HP: 26/27 MP: 2/2
   170 | D:1      | Found Werueb's Armour Shop.
   268 | D:1      | Reached skill level 4 in Fighting
   587 | D:1      | Reached XP level 3. HP: 33/33 MP: 1/3
  1241 | D:2      | Reached skill level 1 in Long Blades
  2002 | D:2      | Reached XP level 4. HP: 40/40 MP: 4/4
  2401 | D:3      | Found a broken altar of Ashenzari.
  2429 | D:3      | Became a worshipper of Ashenzari the Shackled
  3045 | D:4      | Slain by a gnoll

Illustrated notes

Levels and vault maps discovered:
D:1:      kb_arrival_jail, layout_basic, serial_shops, nicolae_square_shop
D:2:      minmay_alternating_diamond, layout_basic, minmay_pentomino_pile
D:3:      layout_rooms, mainiacjoe_overflow_catwalk, kennysheep_generic_room_12
D:4:      gammafunk_wand_slinger, layout_basic,
          mainiacjoe_overflow_tiny_flanked, amcnicky_altar_lugonu_corruption,
          uniq_grinder

Skill      XL: |  1  2  3  4 |
---------------+-------------+-----
Axes           | 3 |  3.3
Fighting       | 4 |  4.4
Long Blades    | 1 2 |  2.3
Armour         | |  3.9
Dodging        | |  0.1
Stealth        | |  0.3
Shields        | |  3.5

Action                     |  1- 3 |  4- 6 || total
---------------------------+-------+-------++-------
  Melee: War axe           |    15 |       ||    15
         Long sword        |    98 |    82 ||   180
    Use: Scroll            |     5 |     1 ||     6
         Potion            |     1 |     5 ||     6
 Armour: Scale mail        |    86 |    60 ||   146
  Dodge: Dodged            |    86 |    70 ||   156
  Block: Buckler           |     5 |       ||     5
